 Dungeon Crawl Stone Soup version 0.29.0-7-g18a832c13a (webtiles) character file.

Game seed: 12777340604803878246

52 Sobieck the Digger (level 3, 0/14 (16) HPs)
             Began as a Vine Stalker Earth Elementalist on Aug 31, 2022.
             Slain by an orc
             ... wielding a +1 flail of draining
              (1 damage)
             ... on level 3 of the Dungeon.
             The game lasted 00:01:53 (1703 turns).

Sobieck the Digger (VSEE)                           Turns: 1703, Time: 00:01:54

HP:   0/14 (16)     AC:  2    Str: 10    XL:     3   Next: 85%
MP:   0/8           EV: 12    Int: 17    God:
Gold: 64            SH:  0    Dex: 14    Spells: 4/7 levels left

rFire   . . .      SeeInvis .   a - +0 dagger {short}
rCold   . . .      Faith    .   (no shield)
rNeg    . . .      Spirit   +   h - +0 robe
rPois   .          Reflect  .   (no helmet)
rElec   .          Harm     .   (no cloak)
rCorr   .          Rampage  .   (no gloves)
Will    .....                   (no boots)
Stlth   ++........              (no amulet)
HPRegen 0.04/turn               (no ring)
MPRegen 0.11/turn               (no ring)

@: heavily drained
A: fangs 2, magic shield, antimagic bite, no potion heal 2
a: no special abilities


You were on level 3 of the Dungeon.
You visited 1 branch of the dungeon, and saw 4 of its levels.

You collected 64 gold pieces.


Innate Abilities, Weirdness & Mutations

You have extremely sharp teeth.
When hurt, damage is shared between your health and your magic reserves.
Your bite disrupts and absorbs the magic of your enemies.
Potions cannot restore your health.


   Skills:
 - Level 1.0 Short Blades
 - Level 1.5 Dodging
 + Level 3.4 Stealth
 + Level 2.8 Spellcasting
 - Level 1.0 Transmutations
 + Level 3.5 Earth Magic


You had 4 spell levels left.
You knew the following spells:

 Your Spells              Type           Power      Damage    Failure   Level
a - Sandblast             Erth           28%        2d8       4%          1
b - Passwall              Tmut/Erth      8%         N/A       11%         2

Your spell library contained the following spells:

 Spells                   Type           Power      Damage    Failure   Level
 Stone Arrow              Conj/Erth      16%        3d8       26%         3
 Spider Form              Tmut/Pois      4%         N/A       41%         3
 Call Canine Familiar     Summ           2%         N/A       47%         3
 Petrify                  Tmut/Erth      10%        N/A       56%         4
 Summon Cactus Giant      Summ           1%         N/A       100%        6

Inventory:

Hand Weapons
 a - a +0 dagger (weapon) {short}
   (You found it on level 1 of the Dungeon)
 c - a +0 club {mace}
   (You took it off a goblin on level 1 of the Dungeon)
 f - a +0 club {mace}
   (You took it off a goblin on level 1 of the Dungeon)
Missiles
 p - 21 stones {throwing}
Armour
 d - a +0 robe
   (You found it on level 1 of the Dungeon)
 h - a +0 robe (worn)
 j - a +0 scale mail
   (You found it on level 1 of the Dungeon)
 o - a +0 leather armour
   (You found it on level 2 of the Dungeon)
Scrolls
 e - 5 scrolls of identify {unknown}
 i - a scroll of amnesia {unknown}
 k - a scroll of magic mapping {unknown}
 m - 2 scrolls of teleportation {unknown}
 n - a scroll of vulnerability {unknown}
 q - 3 scrolls of torment {unknown}
Potions
 b - a potion of magic
 g - 2 potions of curing {unknown}
 l - 2 potions of heal wounds {unknown}

Dungeon Overview and Level Annotations

Branches:
Dungeon (4/15) Zot: 22278
 Temple: D:4-7

Altars:

.###..#.#..# #...# .#
#..#.#..# #...# .#
#..#.#..# #...# #
.###..#.#>.#####.####.###
.##...#.#................
.##..##.#..............##
.##..##.##.#####.###....#
.##.....^..#.........#.##
.##........#.###@##### #
...........# #o#
###.#.....## #o#
#.#.....# #o# #.###.###
#S. #.# #.# ... #.# #.#
### ### ##


You could see an orc priest, an adder and 2 orcs.


Message History

Aiming: Sandblast (safe; 4% risk of failure)
Press: ? - help, Shift-Dir - straight line, f/p - worm
Aim: a worm (heavily wounded, 94% to hit)
The blast of sand hits the worm!
You kill the worm!
Unknown command.
You start resting.
Your magical contamination has completely faded away.
You start resting.
You start resting.
Unknown command.
There is an escape hatch in the floor here.
Found a stone staircase leading up.
Unknown command.
Found a stone staircase leading down.
Unknown command.
A sourceless malevolence fills the Dungeon...
You fall into a shaft and drop 2 floors!
The shaft crumbles and collapses.
A hobgoblin comes into view.
Danger!
The blast of sand hits the hobgoblin.
The hobgoblin shouts!
The blast of sand hits the hobgoblin!
You kill the hobgoblin!
You now have 64 gold pieces (gained 9).
p - 17 stones {throwing} (gained 9)
Found a stone staircase leading up.
Unknown command.
(D) Dungeon
Where to? (Enter - D:2, ? - help)
Found a stone staircase leading up.
There is a stone staircase leading up here.
You climb upwards.
There is a stone staircase leading down here.
Unknown command.
Unknown command.
q - 3 scrolls labelled PID IGAOHYRY Unknown command.
A dart slug comes into view.
Danger!
Unknown command.
Casting: Sandblast (safe; 4% risk of failure)
Confirm with . or Enter, or press ? or * to list all spells.
Aiming: Passwall (safe; 11% risk of failure)
Press: ? - help, Dir - move target A rock wall.
You begin to meditate on the wall.
You continue meditating on the rock. x2
You finish merging with the rock.
Danger!
The helpless dart slug fails to defend itself.
You puncture the dart slug!
You kill the dart slug!
Unknown command.
m - 2 scrolls labelled DYDOKU UMAPSUO (gained 1)
p - 21 stones {throwing} (gained 4)
A dart slug comes into view.
Danger!
A frilled lizard comes into view.
The blast of sand hits the dart slug!
You hear a shout!
An orc priest comes into view. It is wielding a +0 dagger.
The frilled lizard hisses angrily.
You hear a shout! x3
The blast of sand hits the dart slug!
You kill the dart slug!
The frilled lizard unfolds its giant frill.
The blast of sand hits the frilled lizard!
You kill the frilled lizard!
The blast of sand hits the orc priest.
The orc priest calls down the wrath of Beogh upon you.
Beogh smites you!
Ouch! That really hurt!
* * * LOW HITPOINT WARNING * * *
An orc comes into view. It is wielding a +1 flail of draining.
You hear a shout!
You are too injured to fight recklessly!
Unknown command.
Unknown command.
You closely miss the orc priest. Your bite misses the orc priest.
You hear an angry hiss.
You hit the orc priest.
You bite the orc priest, but do no damage.
The orc priest hits you with a +0 dagger.
* * * LOW HITPOINT WARNING * * *
You hit the orc priest but do no damage.
Your bite misses the orc priest. The orc priest barely misses you.
Unknown command.
You hit the orc priest but do no damage.
Your bite misses the orc priest. You hit the orc but do no damage.
You bite the orc, but do no damage.
An orc comes into view. It is wielding a +0 war axe.
Unknown command.
You hit the orc.
An adder comes into view.
The orc completely misses you.
You hit the orc.
The orc hits you with a +1 flail of draining.
* * * LOW HITPOINT WARNING * * *
You feel drained.
You die...

Skill      XL: |  1  2  3 |
---------------+----------+-----
Stealth        | 3 |  3.4
Short Blades   | 1 |  1.0
Dodging        | |  1.5
Spellcasting   | |  2.8
Transmutations | |  1.0
Earth Magic    | |  3.5

Action                   || total
-------------------------++-------
Melee: Bite              ||     4
       Unarmed           ||     1
       Dagger            ||    15
 Cast: Sandblast         ||    37
       Passwall          ||     1
 Stab: Sleeping          ||     2
Armor: Robe              ||     8
Dodge: Dodged            ||    10

Levels and vault maps discovered:
D:1:      wander_arrival_chamber, layout_basic, chequers_serial_rivers_micro_d,
          minmay_misc_feat_four_crosses
D:2:      layout_loops_ring, kennysheep_generic_room_12
D:3:      minmay_chambers_of_threes, layout_loops_ring,
          nicolae_qazlal_general_emergency, st_stairs_11
D:4:      layout_basic, overflow_temple_1_default

Notes
Turn   | Place    | Note
-------+----------+-------------------------------------------
     0 | D:1      | Sobieck the Vine Stalker Earth Elementalist began the quest
                  | for the Orb.
     0 | D:1      | Reached XP level 1. HP: 9/9 MP: 4/4
   209 | D:1      | Reached XP level 2. HP: 13/13 MP: 4/6
   659 | D:1      | Reached skill level 3 in Stealth
   885 | D:1      | Reached XP level 3. HP: 8/16 MP: 4/8
  1099 | D:1      | Learned a level 2 spell: Passwall
  1102 | D:2      | Reached skill level 1 in Short Blades
  1134 | D:2      | You add the spells Call Canine Familiar, Spider Form and
                  | Summon Cactus Giant to your library.
  1134 | D:2      | Got the Compilation of Mutagenic Rallying
  1415 | D:2      | You fall into a shaft and drop 2 floors!
  1698 | D:3      | HP: 3/16 [orc priest/+0 dagger (4)]
  1703 | D:3      | HP: 1/16 [orc/+1 flail of draining (2)]
  1703 | D:3      | Slain by an orc

Vanquished Creatures
  2 adders
  A worm (D:2)
  2 dart slugs (D:3)
  2 endoplasms (D:1)
  2 giant cockroaches (D:1)
  2 goblins (D:1)
  2 hobgoblins
  3 jackals (D:1)
  3 quokkas (D:1)
  A ball python (D:2)
  3 bats (D:1)
  3 frilled lizards
  A rat (D:1)
27 creatures vanquished.

Table legend:
 A = Non-vault XP
 B = Vault XP
 C = Vault XP percentage of total XP
 D = Non-vault monster count
 E = Vault monster count
 F = Vault count percentage of total count
                 A         B        C        D         E       F
            +---------+---------+-------+---------+---------+-------
      Total |      75 |       0 |   0.0 |      27 |       0 |   0.0
            +---------+---------+-------+---------+---------+-------
        D:1 |      45 |       0 |   0.0 |      20 |       0 |   0.0
        D:2 |      19 |       0 |   0.0 |       3 |       0 |   0.0
        D:3 |       9 |       0 |   0.0 |       3 |       0 |   0.0
        D:4 |       2 |       0 |   0.0 |       1 |       0 |   0.0
            +---------+---------+-------+---------+---------+-------

Illustrated notes

Table legend:
 A = Kills in this place as a percentage of kills in entire the game.
 B = Kills by you in this place as a percentage of kills by you in the entire game.
 C = Kills by friends in this place as a percentage of kills by friends in the entire game.
 D = Other kills in this place as a percentage of other kills in the entire game.
 E = Experience gained in this place as a percentage of experience gained in the entire game.
 F = Experience gained in this place divided by the number of levels of this place that you have seen.
                   A       B       C       D       E      F
               +-------+-------+-------+-------+-------+----------------------
         Total | 100.0 | 100.0 |   N/A |   N/A | 100.0 |  18.8
       Dungeon | 100.0 | 100.0 |   N/A |   N/A | 100.0 |  18.8
               +-------+-------+-------+-------+-------+----------------------

Table legend: (Time is in decaauts)
 A = Elapsed time spent in this place.
 B = Non-inter-level travel time spent in this place.
 C = Inter-level travel time spent in this place.
 D = Time resting spent in this place.
 E = Time spent auto-exploring this place.
 F = Levels seen in this place.
 G = Mean time per level.
                   A        B        C        D        E       F      G
               +--------+--------+--------+--------+--------+-----+--------+
         Total |   1721 |   1709 |     12 |    384 |   1170 |   4 |  430.2 |
       Dungeon |   1721 |   1709 |     12 |    384 |   1170 |   4 |  430.2 |
               +--------+--------+--------+--------+--------+-----+--------+

Top non-repeatable levels by time:
     D:1: 1109 daAuts
     D:2: 321 daAuts
     D:4: 182 daAuts
     D:3: 107 daAuts
